 Dungeon Crawl Stone Soup version 0.32-a0-940-g8c197d95f1 (webtiles) character file.

Game seed: 9436120315107423696

119 flt the Grave Robber (level 5, -7/50 HPs)
             Began as an Oni Wanderer on Apr 16, 2024.
             Mangled by Edmund the warg (19 damage)
             ... on level 4 of the Dungeon.
             The game lasted 00:06:13 (3941 turns).

flt the Grave Robber (Oni Wanderer)                 Turns: 3941, Time: 00:06:14

Health: -7/50      AC:  7    Str: 19    XL:     5   Next: 3%
Magic:  6/6        EV: 13    Int: 12    God:
Gold:   105        SH:  0    Dex:  8    Spells: 6/6 levels left

rFire   . . .        q - +0 spear
rCold   . . .        (no shield)
rNeg    . . .        d - +1 robe
rPois   .            (helmet restricted)
rElec   .            c - +2 cloak
rCorr   .            (gloves unavailable)
SInv    .            (boots unavailable)
Will    .....        (no amulet)
Stlth   +            r - +5 ring of evasion
HPRegen 0.28/turn    (no ring)
MPRegen 0.10/turn

%: no passive effects
@: no status effects
A: large, unfitting armour, horns 1, tough skin 1, double potion healing,
drunken brawling
a: no special abilities


You were on level 4 of the Dungeon.
You visited 1 branch of the dungeon, and saw 4 of its levels.

You collected 105 gold pieces.

Inventory:

Hand Weapons
 a - a +0 falchion
 e - a +1 bardiche
 q - a +0 spear (weapon)
Missiles
 m - 2 throwing nets
Armour
 c - a +2 cloak (worn)
 d - a +1 robe (worn)
Jewellery
 i - a ring of wizardry
 k - a ring of positive energy
 r - a +5 ring of evasion (left hand)
Wands
 b - a wand of polymorph (1) (quivered)
 f - a wand of flame (17)
 n - a wand of paralysis (2)
Scrolls
 g - a scroll of silence
 h - a scroll of teleportation
 j - 3 scrolls of identify
 o - 2 scrolls of enchant weapon
 p - a scroll of amnesia
Potions
 l - a potion of mutation {unknown}


   Skills:
 + Level 2.6 Fighting
 + Level 1.9 Long Blades
 * Level 3.0 Polearms
 + Level 2.1 Dodging
 - Level 1.2 Spellcasting
 - Level 3.6 Necromancy
 - Level 1.0 Evocations
 - Level 1.0 Shapeshifting


You had 6 spell levels left.
You didn't know any spells.
Your spell library contained the following spells:

 Spells                   Type           Power      Damage    Failure   Level
 Necrotise                Necr           36%        1d5       7%          1
 Kiss of Death            Conj/Necr      20%        2d7       14%         1
 Vampiric Draining        Necr           9%         2d6       21%         3
 Dazzling Flash           Conj/Hex       0%         N/A       65%         3
 Maxwell's Portable Pile  Tloc           0%         2d(5-13)  65%         3
 Martyr's Knell           Necr/Summ      5%         N/A       80%         4
 Summon Blazeheart Golem  Fire/Summ      0%         N/A       96%         4
 Arcjolt                  Conj/Air       0%         1d10      100%        5
 Summon Mana Viper        Hex/Summ       0%         N/A       100%        5
 Haunt                    Necr/Summ      2%         N/A       100%        7
 Borgnjor's Revivificati  Necr           4%         N/A       100%        8
 Maxwell's Capacitive Co  Air            0%         ∞         100%        8
 Death's Door             Necr           4%         N/A       100%        9


Dungeon Overview and Level Annotations

Branches:
Dungeon (4/15)
 Temple: D:4-7

Altars:
Hepliaklqana
Trog

Annotations:
D:4 Edmund


Innate Abilities, Weirdness & Mutations

You are too large for most types of armour.
You have a pair of small horns on your head.
You have tough skin. (AC +1)
You gain doubled healing and magic from potions.
Whenever you drink a healing potion, you attack all around you.


Message History

Edmund is lightly wounded.
Edmund fails to defend itself.
You hit Edmund. You headbutt Edmund.
Edmund is moderately wounded.
Edmund fails to defend itself.
You hit Edmund.
Edmund is heavily wounded.
Edmund fails to defend itself.
You hit Edmund but do no damage.
Edmund is heavily wounded.
Edmund fails to defend itself.
You hit Edmund but do no damage.
Edmund is heavily wounded.
Edmund fails to defend itself.
You hit Edmund but do no damage.
Edmund is heavily wounded.
Edmund fails to defend itself.
You hit Edmund.
Edmund is heavily wounded.
Edmund is no longer paralysed.
Edmund closely misses you. Edmund misses you.
You completely miss Edmund.
Edmund is heavily wounded.
Edmund bites you!!
You closely miss Edmund. Your headbutt misses Edmund.
Edmund is heavily wounded.
Edmund barely misses you. Edmund bites you.
You barely miss Edmund. Your headbutt misses Edmund.
Edmund is heavily wounded.
Edmund bites you.
You hit Edmund.
Edmund is severely wounded.
Edmund barely misses you. x2
Aiming: Paralyse
Press: ? - help, Shift-Dir - straight line, f/p - Edmund
Aim: Edmund the warg (severely wounded, chance to affect: 33%) Edmund easily resists.
Edmund closely misses you.
Aiming: Paralyse
Press: ? - help, Shift-Dir - straight line, f/p - Edmund
Aim: Edmund the warg (severely wounded, chance to affect: 33%) Edmund easily resists.
Edmund bites you! x2
* * * LOW HITPOINT WARNING * * *
Aiming: Paralyse
Press: ? - help, Shift-Dir - straight line, f/p - Edmund
Aim: Edmund the warg (severely wounded, chance to affect: 33%) Edmund easily resists.
Edmund bites you!!
You die...

#.....#
.##.....#
.).....#
#.....#
#.....##+####
#...........#
###...h.......#
.......@##
.........#
PPP......#
........##
PPP......#
P.P....<.#
P.P.....##
..P######


PPP You could see Edmund the warg.

Vanquished Creatures
  3 gnolls
  3 adders
  2 dart slugs (D:1)
  A ribbon worm (D:2)
  An orc (D:3)
  8 ball pythons
  4 endoplasms
  3 giant cockroaches
  4 goblins
  5 hobgoblins
  3 jackals (D:1)
  A kobold (D:3)
  5 quokkas
  4 bats
  4 frilled lizards
  5 rats
56 creatures vanquished.

Notes
Turn   | Place    | Note
-------+----------+-------------------------------------------
     0 | D:1      | flt the Oni Wanderer began the quest for the Orb.
     0 | D:1      | flt set off with the following items: a +0 falchion, a wand
                  | of polymorph (3), a scroll of teleportation, a +0 robe; and
                  | the following spells available to memorise: Necrotise, Kiss
                  | of Death, Vampiric Draining.
     0 | D:1      | Reached XP level 1. HP: 16/16 MP: 2/2
   140 | D:1      | Reached skill level 1 in Polearms
   140 | D:1      | Reached XP level 2. HP: 26/26 MP: 3/3
   233 | D:1      | Reached skill level 1 in Fighting
   429 | D:1      | Reached XP level 3. HP: 12/33 MP: 4/4
  1221 | D:2      | Found a hazy altar of Hepliaklqana.
  1506 | D:2      | HP: 1/35 [adder (1)]
  2069 | D:2      | Reached XP level 4. HP: 28/42 MP: 5/5
  2497 | D:2      | Found a hazy altar of Hepliaklqana.
  3329 | D:3      | Paralysed by a hobgoblin for 3 turns
  3521 | D:3      | Got the Information on Rallied Malediction
  3664 | D:3      | Found a bloodstained altar of Trog.
  3675 | D:3      | Reached XP level 5. HP: 50/50 MP: 6/6
  3919 | D:4      | Noticed Edmund
  3921 | D:4      | Edmund changed into Edmund the warg
  3921 | D:4      | Noticed Edmund
  3941 | D:4      | Mangled by Edmund the warg

Illustrated notes

Levels and vault maps discovered:
D:1:      giann_bridges, layout_basic, minmay_misc_feat_room
D:2:      layout_basic, basic_altar
D:3:      layout_loops_ring, trog_butcher_becter
D:4:      layout_gridville, mainiacjoe_overflow_tiny_flanked,
          nicolae_gozag_seed_capital, minmay_temple_entry_wispy, serial_shops,
          shop, st_stairs_4, minmay_hedge_maze, uniq_edmund

Skill      XL: |  1  2  3  4 |
---------------+-------------+-----
Polearms       | 1 2 3 |  3.0
Fighting       | 1 2 |  2.6
Dodging        | 2 |  2.1
Long Blades    | |  1.9
Spellcasting   | |  1.2
Necromancy     | |  3.6
Evocations     | |  1.0
Shapeshifting  | |  1.0

Action                     |  1- 3 |  4- 6 || total
---------------------------+-------+-------++-------
  Melee: Falchion          |    93 |    69 ||   162
         Headbutt          |    22 |    11 ||    33
         Bardiche          |    38 |       ||    38
         Spear             |       |    38 ||    38
  Evoke: Wand              |       |     8 ||     8
    Use: Scroll            |     7 |     1 ||     8
         Potion            |     1 |       ||     1
   Stab: Sleeping          |     1 |       ||     1
         Paralysed         |       |    10 ||    10
 Armour: Robe              |   115 |    79 ||   194
  Dodge: Dodged            |    85 |    61 ||   146

Table legend: (Time is in decaauts)
 A = Elapsed time spent in this place.
 B = Non-inter-level travel time spent in this place.
 C = Inter-level travel time spent in this place.
 D = Time resting spent in this place.
 E = Time spent auto-exploring this place.
 F = Levels seen in this place.
 G = Mean time per level.
                   A        B        C        D        E       F      G
               +--------+--------+--------+--------+--------+-----+--------+
         Total |   4002 |   3858 |    144 |    537 |   2665 |   4 | 1000.5 |
       Dungeon |   4002 |   3858 |    144 |    537 |   2665 |   4 | 1000.5 |
               +--------+--------+--------+--------+--------+-----+--------+

Top non-repeatable levels by time:
     D:2: 1990 daAuts
     D:1: 1292 daAuts
     D:3: 693 daAuts
     D:4: 26 daAuts
